 Dungeon Crawl Stone Soup version 0.19-a0-812-g33f3bc8 (webtiles) character file.

1956 rageheart7 the Grappler (level 8, -1/78 HPs)
             Began as a Troll Monk on June 28, 2016.
             Was a Believer of Qazlal.
             Slain by an orc warrior
             ... wielding a +0 trident
              (10 damage)
             ... on level 6 of the Dungeon.
             The game lasted 00:13:42 (4691 turns).

rageheart7 the Grappler (Troll Monk)                Turns: 4691, Time: 00:13:42

Health: -1/78      AC:  7    Str: 22    XL:     8   Next: 99%
Magic:  7/7        EV:  7    Int:  6    God:    Qazlal [**....]
Gold:   138        SH:  2    Dex: 14    Spells: 0 memorised, 7 levels left

rFire  . . .     SeeInvis .       - Unarmed
rCold  . . .     Gourm    +     a - +0 robe
rNeg   . . .     Faith    .     (no shield)
rPois  +         Spirit   .     (helmet restricted)
rElec  .         Dismiss  .     w - +1 cloak
rCorr  .         Reflect  .     (gloves unavailable)
SustAt .         Harm     .     (boots unavailable)
MR     .....                    (no amulet)
Stlth  +.........               l - ring of flight
                                d - ring of poison resistance

@: not resistant to hostile enchantments, very unstealthy
A: unfitting armour, claws 3, fast metabolism 3, gourmand, regeneration 2,
shaggy fur 1, strong 1, tough skin 2
a: Upheaval, Renounce Religion, Evoke Flight


You were on level 6 of the Dungeon.
You worshipped Qazlal.
Qazlal was pleased with you.
You were full.

You visited 2 branches of the dungeon, and saw 7 of its levels.

You collected 184 gold pieces.
You spent 46 gold pieces at shops.

Inventory:

Hand Weapons
 v - a +4 quarterstaff of chaos
Missiles
 u - 7 tomahawks (quivered)
Armour
 a - a +0 robe (worn)
 p - a cursed -1 crystal plate armour
 w - a +1 cloak (worn)
Magical Staves
 m - an uncursed staff of poison {unknown}
Jewellery
 d - a ring of poison resistance (left claw)
 l - a ring of flight (right claw)
Scrolls
 e - a scroll of remove curse
 g - a scroll of teleportation
Potions
 f - 2 potions of flight
 i - a potion of brilliance
 k - a potion of lignification
 r - a potion of agility
Books
 h - a book of Burglary

   Spells                             Type                      Level
   a - Swiftness                      Charms/Air                   2
   b - Passwall                       Transmutation/Earth          2
   c - Passage of Golubria            Translocation                4
   d - Lee's Rapid Deconstruction     Earth                        5
   e - Darkness                       Hexes                        6
   f - Invisibility                   Hexes                        6
 s - a book of Clouds

   Spells                             Type                      Level
   a - Mephitic Cloud                 Conjuration/Poison/Air       3
   b - Conjure Flame                  Conjuration/Fire             3
   c - Poisonous Cloud                Conjuration/Poison/Air       6
   d - Freezing Cloud                 Conjuration/Ice/Air          6
   e - Ring of Flames                 Charms/Fire                  7
Comestibles
 b - 6 bread rations
 c - 2 beef jerkies
 n - 6 fruits
 t - 3 meat rations


   Skills:
 * Level 3.6 Fighting
 * Level 4.7 Dodging
 - Level 1.1 Stealth
 - Level 10.4 Unarmed Combat
 * Level 0.3 Invocations


You had 7 spell levels left.
You didn't know any spells.

Dungeon Overview and Level Annotations

Branches:
Dungeon (6/15)             Temple (1/1) D:5

Altars:
Cheibriados
Dithmenos
Elyvilon
Fedhas
Kikubaaqudgha
Makhleb
Okawaru
Qazlal
Sif Muna
Trog
Vehumet

Shops:
D:4 }=*

Annotations:
D:6 Pikel


Innate Abilities, Weirdness & Mutations

You are too large for most types of armour.
You have claws for hands.
Your metabolism is lightning-fast.
You like to eat raw meat.
You heal very quickly.
You are covered in fur. (AC +1)
You have very tough skin. (AC +2)
Your muscles are strong. (Str +2)


Message History

Pikel suddenly seems more agile.
The orc priest calls upon Beogh to heal the orc warrior.
The orc warrior is healed somewhat.
The slave shouts!
An orc warrior, an orc priest, 4 slaves and Pikel come into view.
Pikel is wielding a whip of freezing.
The orc priest is wielding a whip of holy wrath.
The slave hits you but does no damage.
The orc warrior is engulfed in roaring flames.
The orc warrior hits you from afar with a trident!!
* * * LOW HITPOINT WARNING * * *
Okay, then.
The orc priest calls upon Beogh to heal the orc warrior.
The orc warrior is healed somewhat.
There is a stone staircase leading up here.
The slave hits you.
* * * LOW HITPOINT WARNING * * *
The slave hits you!
* * * LOW HITPOINT WARNING * * *
The orc warrior hits you from afar with a trident!
You die...

...........#
#.......#
#.|/).#
#pp...####..
#.K.........
#§o..###....
##§o..# ...
#..pp.# ##
#..@.##
#......#
#.####.... #
##..## ####


You could see Pikel, an orc warrior, 4 slaves and an orc priest.

Vanquished Creatures
  The ghost of nightshiftgray the Spear-Bearer, an amateur MfSk (D:4)
  Grinder (D:5)
  Sigmund (D:3)
  Menkaure (D:5)
  2 ice beasts (D:5)
  An ogre (D:5)
  3 phantoms
  A centaur (D:5)
  2 scorpions (D:4)
  2 crimson imps (D:5)
  2 hounds
  A jelly (D:5)
  2 orc wizards
  Crazy Yiuf (D:3)
  A giant frog skeleton (D:5)
  Terence (D:3)
  Natasha (twice) (D:3)
  A worker ant (D:5)
  A hound zombie (D:5)
  A worker ant zombie (D:5)
  5 adders
  A gnoll (D:1)
  An adder skeleton (D:4)
  2 worms (D:5)
  A dart slug (D:1)
  3 giant geckos
  21 orcs
  2 ball pythons
  2 giant cockroaches
  4 hobgoblins
  11 jackals
  4 quokkas
  7 bats
  2 giant newts
  6 goblins
  15 kobolds
  A quokka skeleton (D:5)
  10 rats
126 creatures vanquished.

Notes
Turn   | Place    | Note
--------------------------------------------------------------
     0 | D:1      | rageheart7 the Troll Monk began the quest for the Orb.
     0 | D:1      | Reached XP level 1. HP: 22/22 MP: 0/0
   141 | D:1      | Reached XP level 2. HP: 27/29 MP: 1/1
   361 | D:1      | Reached skill level 4 in Unarmed Combat
   361 | D:1      | Reached XP level 3. HP: 36/36 MP: 2/2
  1061 | D:2      | Reached skill level 5 in Unarmed Combat
  1061 | D:2      | Reached XP level 4. HP: 30/44 MP: 3/3
  1559 | D:3      | Found a white marble altar of Elyvilon.
  1671 | D:3      | Noticed Sigmund
  1800 | D:3      | Found a bloodstained altar of Trog.
  1957 | D:3      | Noticed Terence
  1962 | D:3      | Killed Terence
  1973 | D:3      | Noticed Natasha
  1976 | D:3      | Killed Natasha
  1976 | D:3      | Reached XP level 5. HP: 38/50 MP: 4/4
  1986 | D:3      | Found a faded altar of an unknown god.
  2048 | D:3      | Found a runed door.
  2072 | D:3      | Found a burning altar of Makhleb.
  2081 | D:3      | Reached skill level 6 in Unarmed Combat
  2194 | D:3      | Killed Sigmund
  2194 | D:3      | Reached skill level 7 in Unarmed Combat
  2194 | D:3      | Reached XP level 6. HP: 59/59 MP: 5/5
  2264 | D:3      | Noticed Natasha
  2274 | D:3      | Killed Natasha
  2462 | D:3      | Noticed Crazy Yiuf
  2468 | D:3      | Killed Crazy Yiuf
  2533 | D:4      | Found Huantup's Jewellery Boutique.
  2604 | D:4      | Reached skill level 8 in Unarmed Combat
  2624 | D:4      | Found Ytumurpho's Assorted Antiques.
  2631 | D:4      | Bought a scroll of identify for 46 gold pieces
  2662 | D:4      | Found Sutaytty's Gadget Boutique.
  2676 | D:4      | Reached XP level 7. HP: 63/66 MP: 6/6
  2700 | D:4      | Noticed nightshiftgray's ghost (amateur MfSk)
  2716 | D:4      | Killed nightshiftgray's ghost
  2716 | D:4      | Reached skill level 9 in Unarmed Combat
  3081 | D:4      | Gained mutation: Your muscles are strong. (Str +2) [potion of beneficial mutation]
  3163 | D:5      | Entered Level 5 of the Dungeon
  3208 | D:5      | Noticed Menkaure
  3217 | D:5      | Killed Menkaure
  3217 | D:5      | Reached skill level 10 in Unarmed Combat
  3217 | D:5      | Reached XP level 8. HP: 23/74 MP: 7/7
  3225 | D:5      | Noticed Grinder
  3234 | D:5      | Paralysed by Grinder for 2 turns
  3243 | D:5      | Killed Grinder
  3734 | D:5      | Found a staircase to the Ecumenical Temple.
  4056 | Temple   | Entered the Ecumenical Temple
  4145 | Temple   | Became a worshipper of Qazlal Stormbringer
  4145 | Temple   | Reached * piety under Qazlal
  4145 | Temple   | Reached ** piety under Qazlal
  4190 | D:5      | Found a snail-covered altar of Cheibriados.
  4683 | D:6      | Noticed Pikel
  4691 | D:6      | Slain by an orc warrior

Vault maps used:
D:1:      lemuel_arrival_broad_hall
D:3:      bloody_trog, elyvilon_altar_5, ecumenical_altar_1,
          makhleb_heckhound_becter, uniq_crazy_yiuf_cottage, uniq_natasha,
          uniq_terence, uniq_sigmund
D:4:      first_bread, serial_shops,
          nicolae_shop_temple_entry_statues_fountains, shop_statue, shop
D:5:      lemuel_coloured_pillars_altar, grunt_tough_drop, uniq_grinder,
          uniq_menkaure
D:6:      basic_altar, minmay_misc_feat_alley, uniq_pikel, uniq_duvessa
Temple:   hc_temple_tempest_star

Skill      XL: |  1  2  3  4  5  6  7  8 |
---------------+-------------------------+-----
Unarmed Combat | 4 5 7 8 10 | 10.4
Dodging        | 4 |  4.7
Fighting       | 3 |  3.6
Stealth        | |  1.1
Invocations    | |  0.3

Action                   |  1- 3 |  4- 6 |  7- 9 || total
-------------------------+-------+-------+-------++-------
Melee: Unarmed           |    96 |   116 |   126 ||   338
       Punch             |     1 |     2 |     7 ||    10
Throw: Tomahawk          |       |       |     3 ||     3
  Use: Scroll            |       |     7 |     5 ||    12
       Potion            |       |     1 |     9 ||    10
 Stab: Sleeping          |       |     2 |       ||     2
  Eat: Chunk             |    13 |    17 |    16 ||    46
Armor: Robe              |    36 |    46 |    26 ||   108
Dodge: Dodged            |    54 |    68 |    60 ||   182
Block: Other             |       |       |     2 ||     2
